 Dungeon Crawl Stone Soup version bcrawl-1.20 (webtiles) character file.

Game seed: 18404165835151056289

2390 Mrkan the Basher (level 9, -12/56 HPs)
             Began as a Gargoyle Fighter on Jan 20, 2020.
             Mangled by a two-headed ogre
             ... wielding a cursed -3 giant club
              (17 damage)
             ... on level 6 of the Dungeon.
             The game lasted 00:07:29 (6507 turns).

Mrkan the Basher (Gargoyle Fighter)                 Turns: 6507, Time: 00:07:29

Health: -12/56     AC: 18    Str: 21    XL:     9   Next: 46%
Magic:  9/9        EV:  6    Int: 10    God:
Gold:   376        SH: 15    Dex: 14    Spells: 8/8 levels left

rFire    + . .     SeeInvis .   k - +0 morningstar
rCold    + . .     Gourm    .   c - +0 shield
rNeg     + . .     Faith    .   h - +0 chain mail
rPois    ∞         Spirit   .   q - +2 hat
rElec    +         Reflect  +   s - scarf {rC+ rF+}
rCorr    .         Harm     .   (no gloves)
MR       .....                  (no boots)
Stlth    ..........             b - +4 amulet of reflection
HPRegen  0.18/turn              m - +4 ring of dexterity
MPRegen  0.11/turn              (no ring)

@: no status effects
A: negative energy resistance 1, electricity resistance, unbreathing,
petrification resistance, rot immunity, AC +6
a: no special abilities


You were on level 6 of the Dungeon.
You were not hungry.

You visited 1 branch of the dungeon, and saw 6 of its levels.
You also visited: Sewer.

You collected 376 gold pieces.

Inventory:

Hand Weapons
 k - a +0 morningstar (weapon)
Armour
 c - a +0 shield (worn)
 h - a +0 chain mail (worn)
 q - a +2 hat (worn)
 s - a scarf of resistance (worn)
Jewellery
 a - an uncursed ring of stealth {unknown}
 b - a +4 amulet of reflection (around neck)
 m - a +4 ring of dexterity (left hand)
 y - a cursed -4 ring of evasion {unknown}
Wands
 p - a wand of paralysis (8)
 v - a wand of acid (4)
Scrolls
 f - 5 scrolls of identify {unknown}
 i - 2 scrolls of magic mapping {unknown}
 j - 3 scrolls of remove curse {unknown}
 o - 2 scrolls of amnesia {unknown}
 r - 2 scrolls of enchant armour {unknown}
 x - 2 scrolls of teleportation {unknown}
Potions
 d - 2 potions of might
 g - 3 potions of degeneration {unknown}
 l - 3 potions of curing {unknown}
 n - 2 potions of agility {unknown}
 t - 3 potions of invisibility {unknown}
 u - a potion of magic {unknown}
 w - a potion of haste
Comestibles
 e - 6 rations {!d}
 z - 9 chunks of flesh


   Skills:
 + Level 6.8 Fighting
 * Level 8.1 Maces & Flails
 + Level 6.9 Armour
 + Level 7.0 Shields


You had 8 spell levels left.
You didn't know any spells.
Your spell library contained the following spells:

 Spells                   Type           Power        Failure   Level  Hunger
 Magic Dart               Conj           #...         100%        1    ##.....
 Shock                    Conj/Air       #....        100%        1    ##.....
 Blink                    Tloc           N/A          100%        2    ###....
 Call Imp                 Summ           #.....       100%        2    ###....
 Swiftness                Chrm/Air       #.......     100%        2    ###....
 Conjure Flame            Conj/Fire      #.......     100%        3    ####...
 Mephitic Cloud           Conj/Pois/Air  #.......     100%        3    ####...
 Spider Form              Tmut/Pois      #..          100%        3    ####...
 Static Discharge         Air            #.......     100%        3    ####...
 Airstrike                Air            #.........   100%        4    #####..
 Lightning Bolt           Conj/Air       #.........   100%        5    ######.


Dungeon Overview and Level Annotations

Branches:
Dungeon (6/12)
 Temple: D:4-7

Altars:
Dithmenos
Qazlal
Trog

Shops:
D:6 ?


Innate Abilities, Weirdness & Mutations

You are resistant to torment.
Your stone body is resilient. (AC +6)
You are immune to poison.
You resist negative energy. (rN+)
You are resistant to electric shocks. (rElec)
You can survive without breathing.
You are immune to petrification.
You are immune to rotting.


Message History

The hound skeleton closely misses you.
You puncture the two-headed ogre!
The two-headed ogre is heavily wounded.
You block the hound skeleton's attack.
The howler monkey hoots and howls with incredible vigour!
The two-headed ogre hits you with a cursed -3 giant club!
The two-headed ogre hits you with a +0 giant club!
* * * LOW HITPOINT WARNING * * *
You hear a shout!
You hit the two-headed ogre but do no damage.
The two-headed ogre is heavily wounded.
The hound skeleton closely misses you.
The two-headed ogre hits you with a cursed -3 giant club.
* * * LOW HITPOINT WARNING * * *
You block the two-headed ogre's attack. You block the hound skeleton's attack.
You hit the two-headed ogre.
The two-headed ogre is severely wounded.
You block the hound skeleton's attack.
The two-headed ogre hits you with a cursed -3 giant club!
You die...

#....≈≈≈.≈.....#......#. #....#
#....≈.≈.≈...≈.#......'....#....#
#..≈...........#......#....#....#
#.###........$.#......#...####'##
#..............#......#...###....
############...#......#.....#....
..##...#......#.....#....
.......O......#.....#....
.......#@.....#...<.#....
.......#Z.....'.....#....
.......#......#)....#....
..##...#......#.....#.... .
#.O.#......#.....#....
h...#......#.....#....
.....#......#....[#....
#......#.....#....
#>.(...'.....#....


You could see a two-headed ogre and a hound skeleton.

Vanquished Creatures
  A troll (D:6)
  Prince Ribbit (D:5)
  A hippogriff (D:4)
  Menkaure (D:4)
  3 sky beasts
  Purgy (Sewer)
  A phantom (D:6)
  A necrophage (D:6)
  4 ogres
  3 crimson imps
  4 hounds
  2 orc priests (D:4)
  A centaur skeleton (D:4)
  4 iguanas
  2 orc wizards (D:4)
  3 worker ants
  A hound skeleton (D:4)
  7 gnolls
  10 adders
  2 oozes
  An adder zombie (D:4)
  An adder skeleton (D:4)
  2 worms
  2 dart slugs
  3 leopard geckos
  14 orcs
  2 ball pythons (D:4)
  A bat (D:2)
  8 giant cockroaches
  5 goblins
  5 hobgoblins
  12 jackals
  6 kobolds
  2 quokkas
  5 frilled lizards
  A leopard gecko skeleton (D:4)
  8 rats
131 creatures vanquished.

Notes
Turn   | Place    | Note
-------+----------+-------------------------------------------
     0 | D:1      | Mrkan the Gargoyle Fighter began the quest for the Orb.
     0 | D:1      | Reached XP level 1. HP: 14/14 MP: 1/1
    34 | D:1      | Noticed an iguana
    82 | D:1      | Killed an iguana
    82 | D:1      | Reached XP level 2. HP: 7/19 MP: 2/2
    82 | D:1      | Reached XP level 3. HP: 9/23 MP: 3/3
   561 | D:1      | Reached skill level 3 in Maces & Flails
   856 | D:1      | Reached XP level 4. HP: 29/29 MP: 4/4
  1718 | D:3      | Reached XP level 5. HP: 33/33 MP: 5/5
  1980 | D:3      | Reached skill level 4 in Maces & Flails
  2340 | D:3      | Found a bloodstained altar of Trog.
  2432 | D:3      | Reached XP level 6. HP: 35/38 MP: 6/6
  2494 | D:3      | Found a shadowy altar of Dithmenos.
  2622 | D:4      | Noticed a sky beast
  2646 | D:4      | Killed a sky beast
  2646 | D:4      | Reached XP level 7. HP: 37/44 MP: 7/7
  2699 | D:4      | Noticed Menkaure
  2703 | D:4      | Killed Menkaure
  2703 | D:4      | Reached skill level 5 in Maces & Flails
  3090 | D:4      | Reached skill level 5 in Armour
  3206 | D:4      | Reached skill level 5 in Fighting
  3206 | D:4      | Reached skill level 5 in Shields
  3768 | D:4      | Reached XP level 8. HP: 34/49 MP: 8/8
  3954 | D:4      | Noticed a hippogriff
  3972 | D:4      | Killed a hippogriff
  3972 | D:4      | Reached skill level 6 in Maces & Flails
  4549 | D:5      | Entered Level 5 of the Dungeon
  4725 | D:5      | Noticed Prince Ribbit
  4735 | D:5      | Killed Prince Ribbit
  4958 | D:5      | Found a glowing drain.
  4965 | Sewer    | Entered a sewer
  5045 | Sewer    | Noticed Purgy
  5060 | Sewer    | Killed Purgy
  5603 | D:6      | Noticed a troll
  5619 | D:6      | Found a stormy altar of Qazlal.
  5667 | D:6      | Noticed a two-headed ogre
  5922 | D:6      | Reached skill level 7 in Maces & Flails
  6137 | D:6      | Reached XP level 9. HP: 55/55 MP: 9/9
  6226 | D:6      | Found Vallach's Magic Scroll Shoppe.
  6434 | D:6      | Killed a troll
  6434 | D:6      | Reached skill level 8 in Maces & Flails
  6507 | D:6      | Mangled by a two-headed ogre

Skill      XL: |  1  2  3  4  5  6  7  8  9 |
---------------+----------------------------+-----
Maces & Flails | 3 4 5 7 8 |  8.1
Fighting       | 4 5 6 |  6.8
Armour         | 4 5 6 |  6.9
Shields        | 4 5 6 7 |  7.0

Action                   |  1- 3 |  4- 6 |  7- 9 || total
-------------------------+-------+-------+-------++-------
Melee: Flail             |    81 |   138 |       ||   219
       Morningstar       |       |    39 |   372 ||   411
  Use: Potion            |       |       |     1 ||     1
  Eat: Chunk             |       |     5 |    11 ||    16
       Ration            |       |       |     1 ||     1
Armor: Scale mail        |    50 |       |       ||    50
       Chain mail        |       |   105 |   232 ||   337
Dodge: Dodged            |    25 |    38 |   107 ||   170
Block: Shield            |    49 |    92 |   412 ||   553
       Reflection        |       |       |     9 ||     9
